 Dungeon Crawl Stone Soup version 0.25-a0-42-g6c54e25894 (webtiles) character file.

Game seed: 9209646377399696898, levelgen mode: deterministic

1966 Flugkiller the Insei (level 9, -10/61 HPs)
             Began as an Octopode Enchanter on Oct 22, 2019.
             Was a Follower of Okawaru.
             Mangled by Duvessa
             ... wielding a +1 short sword of electrocution
              (11 damage)
             ... on level 6 of the Dungeon.
             The game lasted 00:14:28 (8164 turns).

Flugkiller the Insei (Octopode Enchanter)           Turns: 8164, Time: 00:14:29

Health: -10/61     AC:  3    Str:  8    XL:     9   Next: 19%
Magic:  1/12       EV: 17    Int: 18    God:    Okawaru [*.....]
Gold:   414        SH:  0    Dex: 14    Spells: 3/12 levels left

rFire    . . .     SeeInvis .   q - +5 dagger
rCold    . . .     Gourm    .   (no shield)
rNeg     . . .     Faith    .   r - +2 hat
rPois    .         Spirit   .   (no amulet)
rElec    .         Reflect  .   s - ring of attention
rCorr    .         Harm     .   (no ring)
MR       .....                  (no ring)
Stlth    +++.......             (no ring)
HPRegen  0.20/turn              (no ring)
MPRegen  0.13/turn              (no ring)
                                (no ring)
                                (no ring)

@: hasted, very quick
A: almost no armour, stealthy swim, amphibious, 8 rings, constrict 8, camouflage
1, gelatinous body 1
a: Heroism, Renounce Religion


You were on level 6 of the Dungeon.
You worshipped Okawaru.
Okawaru was aware of your devotion.
You were very hungry.

You visited 2 branches of the dungeon, and saw 9 of its levels.

You collected 414 gold pieces.

Inventory:

Hand Weapons
 q - a +5 dagger (weapon)
   (You took it off a wight on level 7 of the Dungeon)
Missiles
 k - 33 poisoned darts (quivered)
Armour
 r - a +2 hat (worn)
   (You found it on level 7 of the Dungeon)
Jewellery
 s - a ring of attention (left tentacle)
   (You found it on level 6 of the Dungeon)
Scrolls
 a - a scroll of fog
 e - a scroll of enchant weapon {unknown}
 g - a scroll of identify
 h - 2 scrolls of remove curse
 i - a scroll of immolation
 j - a scroll of magic mapping {unknown}
 o - a scroll of blinking {unknown}
 p - a scroll of amnesia {unknown}
Potions
 d - 3 potions of flight
 f - a potion of berserk rage {unknown}
 l - a potion of mutation {unknown}
 m - a potion of ambrosia
Comestibles
 c - 8 rations


   Skills:
 - Level 5.0 Fighting
 - Level 2.0 Short Blades
 + Level 6.5 Dodging
 - Level 5.0 Stealth
 - Level 7.0 Unarmed Combat
 - Level 2.0 Spellcasting
 - Level 3.0 Hexes
 - Level 3.3 Invocations


You had 3 spell levels left.
You knew the following spells:

 Your Spells              Type           Power        Failure   Level  Hunger
a - Corona                Hex            ##.....      5%          1    #......
b - Ensorcelled Hibernat  Hex/Ice        #.....       14%         2    ###....
c - Confuse               Hex            ##......     16%         3    ###....
d - Tukima's Dance        Hex            ##......     16%         3    ###....

Your spell library contained the following spells:

 Spells                   Type           Power        Failure   Level  Hunger
 Magic Dart               Conj           #...         19%         1    #......
 Searing Ray              Conj           #.....       26%         2    ###....
 Dazzling Spray           Conj/Hex       #.....       28%         3    ###....
 Fulminant Prism          Conj/Hex       #.........   67%         4    #####..
 Force Lance              Conj/Tloc      #.......     87%         4    #####..
 Iskenderun's Mystic Bla  Conj           #.......     87%         4    #####..


Dungeon Overview and Level Annotations

Branches:
Dungeon (8/15)             Temple (1/1) D:6
   Lair: D:8-11

Altars:
Ashenzari
Cheibriados
Dithmenos
Elyvilon
Fedhas
Kikubaaqudgha
Nemelex Xobeh
Okawaru
Qazlal
Ru
Sif Muna
Trog
Uskayaw
Vehumet
Wu Jian
Yredelemnul
Zin
The Shining One

Shops:
D:4 :!%=[

Annotations:
D:6 3 runed translucent doors, Dowan; Duvessa; Stiffzip's ghost, novice GrFi
D:7 exclusion: ice beast


Innate Abilities, Weirdness & Mutations

You cannot wear most types of armour.
You are very stealthy in the water. (Stealth+)
You are amphibious.
You can wear up to eight rings at the same time.
You can use your tentacles to constrict eight enemies at once.
Your skin changes colour to match your surroundings (Stealth+).
Your rubbery body absorbs attacks. (AC +1, EV +1)


Message History

Duvessa is heavily wounded.
You constrict Duvessa. Duvessa barely misses you.
Unknown command.
You hit Duvessa. You squeeze Duvessa.
Duvessa is severely wounded.
You constrict Duvessa. Duvessa closely misses you.
Unknown command.
You hit Duvessa.
Duvessa is severely wounded.
You constrict Duvessa, but do no damage.
Duvessa completely misses you.
Unknown command.
You hit Duvessa. You squeeze Duvessa, but do no damage.
Duvessa is almost dead.
You constrict Duvessa, but do no damage.
Unknown command.
You hit Duvessa but do no damage.
Duvessa is almost dead.
You constrict Duvessa. Duvessa closely misses you.
Unknown command.
You hit Duvessa but do no damage. You squeeze Duvessa, but do no damage.
Duvessa is almost dead.
You constrict Duvessa, but do no damage.
Duvessa misses you.
Dowan gestures wildly while chanting.
Dowan blinks!
Unknown command.
You hit Duvessa but do no damage. You squeeze Duvessa, but do no damage.
Duvessa is almost dead.
You constrict Duvessa, but do no damage.
Duvessa misses you.
Unknown command.
You hit Duvessa but do no damage.
Duvessa is almost dead.
You constrict Duvessa, but do no damage.
Duvessa hits you with a +1 short sword of electrocution.
* * * LOW HITPOINT WARNING * * *
You are electrocuted!
* * * LOW HITPOINT WARNING * * *
You hit Duvessa but do no damage.
Duvessa is almost dead.
You constrict Duvessa, but do no damage.
Duvessa hits you with a +1 short sword of electrocution.
* * * LOW HITPOINT WARNING * * *
You hit Duvessa but do no damage.
Duvessa is almost dead.
You constrict Duvessa, but do no damage.
Duvessa hits you but does no damage.
You are electrocuted!
You die...

######e......(((.#
#................#
#.######.######).#
#.# #.* #..# #.#
*,* ####..# #[#
*,* #...... #ยง#
*,* #...... #e#
*,* #...... #@#
*,*##...... #e#
*,......... #.#
**###...... #.#
#...... #.#
#...... #.#
#...... #.#
#####.. #.# #..
#.# #..


You could see Duvessa and Dowan.

Vanquished Creatures
  Menkaure (D:6)
  A necrophage (D:6)
  A phantom (D:6)
  3 ogres (D:6)
  3 centaurs (D:6)
  A big kobold (D:7)
  2 bullfrogs (D:6)
  4 wights (D:7)
  A howler monkey (D:6)
  A centaur zombie (D:6)
  A crimson imp (D:6)
  3 bullfrog zombies (D:6)
  A hound (D:5)
  A quasit (D:5)
  A jelly (D:6)
  An orc priest (D:6)
  A gnoll shaman (D:6)
  3 orc wizards (D:6)
  A bullfrog skeleton (D:6)
  An iguana (D:6)
  3 worker ants (D:6)
  A worker ant zombie (D:4)
  3 gnolls (D:6)
  3 adders
  2 shadow imps (D:6)
  An ooze (D:2)
  3 dart slugs (D:1)
  2 leopard geckos
  15 orcs
  3 bats
  8 giant cockroaches
  4 goblins
  6 hobgoblins
  3 jackals (D:6)
  11 kobolds
  2 quokkas
  3 frilled lizards
  A quokka zombie (D:5)
  8 rats
114 creatures vanquished.

Vanquished Creatures (collateral kills)
  Edmund (D:6)
1 creature vanquished.

Grand Total: 115 creatures vanquished

Notes
Turn   | Place    | Note
-------+----------+-------------------------------------------
     0 | D:1      | Flugkiller the Octopode Enchanter began the quest for the
                  | Orb.
     0 | D:1      | Reached XP level 1. HP: 11/11 MP: 3/3
    45 | D:1      | Reached skill level 1 in Fighting
    91 | D:1      | Reached XP level 2. HP: 17/18 MP: 5/5
   127 | D:1      | Learned a level 2 spell: Ensorcelled Hibernation
   796 | D:2      | Found a blossoming altar of Fedhas.
   864 | D:2      | Reached XP level 3. HP: 21/24 MP: 6/6
  1527 | D:3      | Learned a level 3 spell: Confuse
  1559 | D:3      | Reached skill level 5 in Stealth
  1568 | D:3      | Reached XP level 4. HP: 19/29 MP: 7/7
  1920 | D:3      | Found a hide-covered altar of Uskayaw.
  1922 | D:3      | Noticed a +0 hand axe
  1922 | D:3      | Noticed a +0 hand axe
  2222 | D:4      | Found Vaeki's Book Boutique.
  2229 | D:4      | Found Jaeq Zom's Distillery.
  2230 | D:4      | Found Gyschiez's Food Shop.
  2285 | D:4      | Found Ziqiory's Jewellery Emporium.
  2315 | D:4      | Found Cejauweu's Armour Boutique.
  2675 | D:5      | Entered Level 5 of the Dungeon
  2709 | D:5      | Reached XP level 5. HP: 14/34 MP: 8/8
  3537 | D:5      | Found a sparkling altar of Nemelex Xobeh.
  3658 | D:5      | You fall into a shaft and drop 3 floors!
  3661 | D:8      | Noticed a black bear
  3684 | D:7      | Found a stormy altar of Qazlal.
  3685 | D:7      | Noticed an ice beast
  3965 | D:7      | Noticed a hippogriff
  4148 | D:6      | Noticed Edmund
  4173 | D:6      | Reached XP level 6. HP: 8/39 MP: 4/9
  4433 | D:6      | Reached skill level 5 in Dodging
  4547 | D:6      | Reached skill level 1 in Unarmed Combat
  4599 | D:6      | Noticed a necrophage
  4609 | D:6      | Killed a necrophage
  4619 | D:6      | Reached skill level 2 in Unarmed Combat
  4619 | D:6      | Reached XP level 7. HP: 27/46 MP: 7/10
  4634 | D:6      | Reached skill level 3 in Unarmed Combat
  4655 | D:6      | Found a runed translucent gate.
  4655 | D:6      | Found a runed translucent gate.
  4656 | D:6      | Found a runed translucent gate.
  4659 | D:6      | Noticed Stiffzip's ghost (novice GrFi)
  4659 | D:6      | Noticed an eight-headed hydra
  4819 | D:6      | Reached skill level 4 in Unarmed Combat
  5226 | D:6      | Noticed Dowan
  5359 | D:6      | Found a staircase to the Ecumenical Temple.
  5371 | D:6      | Reached skill level 5 in Unarmed Combat
  5406 | Temple   | Entered the Ecumenical Temple
  5651 | Temple   | Became a worshipper of Warmaster Okawaru
  5688 | D:6      | Noticed Menkaure
  5813 | D:6      | Reached XP level 8. HP: 44/52 MP: 11/11
  6090 | D:6      | Killed Menkaure
  6090 | D:6      | Reached * piety under Okawaru
  6090 | D:6      | Reached skill level 6 in Unarmed Combat
  6156 | D:6      | Found an ornate altar of the Wu Jian Council.
  6162 | D:6      | Noticed Duvessa
  6205 | D:7      | Reached skill level 1 in Invocations
  6730 | D:6      | Learned a level 3 spell: Tukima's Dance
  6948 | D:6      | Reached skill level 5 in Fighting
  7023 | D:6      | Reached XP level 9. HP: 22/61 MP: 3/12
  7413 | D:6      | Reached skill level 7 in Unarmed Combat
  7775 | D:6      | Found a runed translucent gate.
  7775 | D:6      | Found a runed translucent gate.
  7775 | D:6      | Found a runed translucent gate.
  7852 | D:6      | Killed Edmund
  7861 | D:6      | Found a staircase to the Ecumenical Temple.
  8162 | D:6      | HP: 3/61 [Duvessa/+1 short sword of electrocution (12)]
  8163 | D:6      | HP: 1/61 [Duvessa/+1 short sword of electrocution (2)]
  8164 | D:6      | Mangled by Duvessa

Levels and vault maps discovered:
D:1:      wander_arrival_peaceful_grave, layout_basic
D:2:      layout_basic, fedhas_altar_2
D:3:      layout_rooms, dancing_weapons_uskayaw
D:4:      layout_rooms, serial_shops, shop, shop, shop, nicolae_shop_waterfront,
          nicolae_shop_crystal, minmay_puff
D:5:      layout_loops_cross, first_ration, basic_altar,
          chequers_serial_rivers_micro_c, ebering_dispersal_statue_hall
D:6:      layout_basic, overflow_temple_1_default,
          minmay_temple_entry_purple_smoke, gammafunk_ghost_split,
          chequers_serial_rivers_room_b, grunt_ministairs_11, chequers_jeans,
          minmay_bent, uniq_duvessa, uniq_edmund, uniq_menkaure
D:7:      layout_cave_pods, old_standard_altar
D:8:      layout_gridville, nicolae_gozag_zags_fifth_avenue,
          makhleb_altar_promises_db, basic_altar
Temple:   minmay_temple_curvy_branch

Skill      XL: |  1  2  3  4  5  6  7  8  9 |
---------------+----------------------------+-----
Fighting       | 1 2 3 5 |  5.0
Short Blades   | 2 |  2.0
Stealth        | 5 |  5.0
Dodging        | 3 4 5 6 |  6.5
Unarmed Combat | 2 5 6 7 |  7.0
Invocations    | 3 |  3.3
Spellcasting   | |  2.0
Hexes          | |  3.0

Action                   |  1- 3 |  4- 6 |  7- 9 || total
-------------------------+-------+-------+-------++-------
Melee: Dagger            |    85 |   110 |   230 ||   425
       Constrict         |    18 |    18 |    40 ||    76
       Tentacles         |     6 |    23 |    46 ||    75
       Punch             |       |       |     8 ||     8
 Cast: Confuse           |       |     5 |    29 ||    34
       Corona            |       |     3 |       ||     3
       Ensorcelled Hiber |       |     1 |       ||     1
       Tukima's Dance    |       |       |     7 ||     7
  Use: Scroll            |     3 |     8 |     6 ||    17
       Potion            |       |     2 |     2 ||     4
 Stab: Sleeping          |     9 |     6 |     3 ||    18
       Confused          |       |     2 |     3 ||     5
       Distracted        |       |       |     1 ||     1
  Eat: Chunk             |     2 |     7 |    11 ||    20
       Ration            |       |     1 |     1 ||     2
Armor: Skin              |     6 |    10 |    16 ||    32
Dodge: Dodged            |    39 |    72 |   149 ||   260

Table legend:
 A = Non-vault XP
 B = Vault XP
 C = Vault XP percentage of total XP
 D = Non-vault monster count
 E = Vault monster count
 F = Vault count percentage of total count
                 A         B        C        D         E       F
            +---------+---------+-------+---------+---------+-------
      Total |    1845 |     964 |  34.3 |     100 |      15 |  13.0
            +---------+---------+-------+---------+---------+-------
        D:1 |      28 |       0 |   0.0 |      14 |       0 |   0.0
        D:2 |      48 |       0 |   0.0 |      19 |       0 |   0.0
        D:3 |      34 |       0 |   0.0 |      11 |       0 |   0.0
        D:4 |       4 |      16 |  80.0 |       2 |       1 |  33.3
        D:5 |     100 |       0 |   0.0 |       6 |       0 |   0.0
        D:6 |    1281 |     948 |  42.5 |      35 |      14 |  28.6
        D:7 |     350 |       0 |   0.0 |      13 |       0 |   0.0
            +---------+---------+-------+---------+---------+-------
